 Dungeon Crawl Stone Soup version 0.20-a0-350-ga83eecc (webtiles) character file.

2440471 grandjackal the Conqueror (level 27, 262/271 (273) HPs)
             Began as a Ghoul Monk on Dec 23, 2016.
             Was the Champion of Ru.
             Escaped with the Orb
             ... and 4 runes on Dec 24, 2016!
             The game lasted 03:08:48 (72364 turns).

grandjackal the Conqueror (Ghoul Monk)             Turns: 72364, Time: 03:08:48

HP:   262/271 (273) AC: 46    Str: 23    XL:     27
MP:   17/17         EV: 20    Int:  5    God:    Ru [******]
Gold: 6708          SH:  0    Dex: 16    Spells: 12/26 levels left

rFire  + + +     SeeInvis .       - Unarmed
rCold  + + +     Gourm    .     s - +4 gold dragon scales of Lemisti {rPois rF+ rC+ rCorr Dex+2}
rNeg   + + +     Faith    .     (no shield)
rPois  ∞         Spirit   .     r - +2 hat of Weightlessness {*Corrode +Inv rF+ MR++}
rElec  +         Reflect  .     q - +2 cloak {MR+}
rCorr  +         Harm     .     (no gloves)
MR     +++++                    t - +2 pair of boots {run}
Stlth  ..........               N - amulet of the Traitor {*Drain rPois Regen+ Slay+6 Stlth+}
                                e - ring of the Vanishing Queens {rElec rF+ rC+ MR+}
                                i - +5 ring of protection

@: rotting, quick
A: rotting body, claws 1, carnivore 3, clumsy 1, cold resistance 1, low mp 2,
negative energy resistance 3, slow regeneration 1, torment resistance,
unbreathing, no stealth, inability to use devices, hated by all, no air magic,
no hexes magic, no summoning magic
0: Orb of Zot
}: 4/15 runes: decaying, slimy, golden, gossamer
a: Draw Out Power, Power Leap, Apocalypse, Renounce Religion


You escaped.
You worshipped Ru.
Ru was exalted by your worship.
You were not hungry.

You visited 13 branches of the dungeon, and saw 60 of its levels.
You visited the Abyss 1 time.
You also visited: Sewer, Ossuary, Ice Cave, Wizlab and Desolation.

You collected 10419 gold pieces.
You spent 3711 gold pieces at shops.

Inventory:

Missiles
 c - 6 throwing nets (quivered)
Armour
 q - a +2 cloak of magic resistance (worn)
 r - the +2 hat of Weightlessness (worn) {*Corrode +Inv rF+ MR++}
   (You found it on level 5 of the Pits of Slime)

   It protects you from fire.
   It affects your resistance to hostile enchantments.
   It lets you turn invisible.
   It may corrode you when you take damage.
 s - the +4 gold dragon scales of Lemisti (worn) {rPois rF+ rC+ rCorr Dex+2}
   (You found it on level 5 of the Pits of Slime)

   It affects your dexterity (+2).
   It protects you from fire.
   It protects you from cold.
   It protects you from poison.
   It protects you from acid and corrosion.
 t - a +2 pair of boots of running (worn)
Jewellery
 e - the ring of the Vanishing Queens (right claw) {rElec rF+ rC+ MR+}
   (You bought it in a shop on level 2 of the Orcish Mines)

   [ring of protection from magic]

   It protects you from fire.
   It protects you from cold.
   It insulates you from electricity.
   It affects your resistance to hostile enchantments.
 g - an uncursed ring of protection from fire
 i - a +5 ring of protection (left claw)
 m - the amulet of Vitality {Regen+ HP+15}
   (You found it on level 2 of the Crypt)

   [amulet of regeneration]

   It affects your health (+15).
   It increases your rate of regeneration.
 F - an uncursed ring of protection from cold
 N - the amulet of the Traitor (around neck) {*Drain rPois Regen+ Slay+6 Stlth+}
   (You took it off a deep elf sorcerer on level 3 of the Elven Halls)

   [amulet of regeneration]

   It affects your accuracy and damage with ranged weapons and melee attacks
   (+6).
   It protects you from poison.
   It increases your rate of regeneration.
   It causes draining when unequipped.
   It makes you more stealthy.
 V - an uncursed ring of see invisible
Scrolls
 h - 10 scrolls of fog
 k - 5 scrolls of identify
 n - 12 scrolls of teleportation
 o - 4 scrolls of fear
 v - 5 scrolls of torment
 w - 28 scrolls of remove curse
 D - 7 scrolls of silence
 G - 3 scrolls of immolation
Potions
 a - 27 potions of curing
 d - 5 potions of invisibility
 f - 10 potions of heal wounds
 j - 12 potions of flight
 l - 13 potions of haste
 p - 4 potions of cancellation
 u - 16 potions of might
 z - 5 potions of ambrosia
 A - 13 potions of agility
 C - 8 potions of magic
 K - 6 potions of resistance
Miscellaneous
 J - a figurine of a ziggurat
Comestibles
 b - 28 meat rations
 x - 11 beef jerkies
 B - a royal jelly
 U - 8 slices of pizza


   Skills:
 O Level 27 Fighting
 O Level 27 Armour
 O Level 27 Dodging
 + Level 24.4 Unarmed Combat


You had 12 spell levels left.
You knew the following spells:

 Your Spells              Type           Power        Failure   Level  Hunger
a - Regeneration          Chrm/Necr      #.........   100%        3    ####...
b - Vampiric Draining     Necr           #.........   100%        3    ####...
c - Animate Dead          Necr           N/A          100%        4    #####..
d - Control Undead        Necr           #.........   100%        4    #####..


Dungeon Overview and Level Annotations

Branches:
Dungeon (15/15)            Temple (1/1) D:6            Lair (6/6) D:9
  Swamp (4/4) Lair:2       Spider (4/4) Lair:4        Slime (5/5) Lair:6
    Orc (2/2) D:9             Elf (3/3) Orc:2        Vaults (4/5) D:13
  Crypt (3/3) Vaults:3       Tomb (3/3) Crypt:3      Depths (5/5) D:15
    Zot (5/5) Depths:5

Altars:
Ashenzari
Cheibriados
Dithmenos
Elyvilon
Fedhas
Gozag
Hepliaklqana
Kikubaaqudgha
Makhleb
Nemelex Xobeh
Okawaru
Qazlal
Ru
Sif Muna
Trog
Uskayaw
Vehumet
Xom
Yredelemnul
Zin
The Shining One
Beogh

Shops:
D:9 [   D:10 !   Orc:2 (??=   Elf:1 !   Elf:3 !   Vaults:2 [   Vaults:4 [*
Depths:3 =}=

Portals:
Hell: Lair:6 Depths:1 Depths:2 Depths:3 Depths:4 Depths:5
Abyss: Depths:1 Depths:2 Depths:4
Pandemonium: Depths:3 Depths:4
Ziggurat: Depths:1

Annotations:
Elf:2 exclusion: 3 doors


Innate Abilities, Weirdness & Mutations

Your body is rotting away.
You thrive on raw meat.
You are immune to poison.
You have sharp fingernails.
You are carnivorous and can eat meat at any time.
You are clumsy. (Dex -2)
Your flesh is cold resistant. (rC+)
Your magical capacity is very low. (-20% MP)
You are immune to negative energy. (rN+++)
You regenerate slowly when monsters are visible.
You are immune to unholy pain and torment.
You can survive without breathing.
You cannot be stealthy.
You cannot study or use magical devices.
You are hated by all.
You cannot study or cast Air magic.
You cannot study or cast Hexes magic.
You cannot study or cast Summoning magic.


Message History

Something smites you!
You see here a whip.
The balrug gestures at you. The bolt of fire misses you.
There is an open gate here.
You see here a stone.
The balrug begins to attack, but is stunned by your will!
The balrug hits the plant but does no damage.
The balrug begins to attack, but is stunned by your will!
A ynoxinul and a pandemonium lord come into view.
You redirect Ivveimah's attack!
Ivveimah begins to attack, but is stunned by your will!
The ynoxinul gestures.
You redirect Ivveimah's attack!
Ivveimah gestures at the red devil.
The freezing blast hits the red devil.
The red devil is frozen!
The red devil dies!
There is a staircase leading out of the dungeon here.
The ynoxinul completely misses you.
You have escaped!

######################
≈≈≈≈≈≈≈≈≈≈≈≈≈≈≈≈≈≈≈≈≈♣
≈≈≈≈≈≈≈≈≈≈≈≈≈≈≈≈≈≈♣
≈≈≈≈≈≈≈≈≈≈≈≈≈≈≈≈≈≈♣
≈≈≈≈≈≈≈≈≈..≈≈..♣♣♣♣
≈≈≈≈≈≈...........♣
≈≈≈≈≈............♣
≈≈≈≈..........53P♣
≈≈≈....P.♣)....♣@♣ ##
≈≈≈≈.....2..&.♣♣♣♣ ##.
≈≈≈......♣P.P.♣ #..
≈≈≈.....♣##################
#.. ≈≈≈≈....P#
#.............# #..
≈≈.......# #.............#
#.. ≈≈≈....4P#
#..4..........# #..
≈≈≈≈....♣# #.............#
#.. ≈≈≈≈....♣#
#.4.........).# ###


You could see a ynoxinul and an ufetubus.

Vanquished Creatures
  the Royal Jelly (Slime:5)
  Khufu (Crypt:2)
  Mara (Depths:3)
  8 orbs of fire
  12 ancient liches
  4 juggernauts
  30 greater mummies
  Boris (Crypt:1)
  Sojobo (Vaults:2)
  Frederick (Depths:4)
  Xtahua (Crypt:1)
  the Lernaean hydra (Swamp:4)
  Saint Roka (Depths:5)
  A curse toe (Zot:1)
  2 Killer Klowns (Zot:5)
  Nikola (Swamp:3)
  2 caustic shrikes
  8 golden dragons
  A bone dragon (Crypt:3)
  A Brimstone Fiend (Zot:5)
  Arachne (Spider:2)
  A Tzitzimitl (Depths:3)
  4 electric golems
  A shard shrike skeleton (Crypt:1)
  22 tentacled monstrosities
  28 Orb Guardians
  16 liches
  4 deep elf master archers (Elf:3)
  4 quicksilver dragons
  An Executioner (D:1)
  5 death cobs
  2 deep elf blademasters (Elf:3)
  2 titans
  12 sphinxes
  23 acid blobs
  13 ancient champions
  The ghost of VonBacon the Warrior, an adept MiFi of Okawaru (Spider:2)
  Gastronok (Lair:3)
  10 shadow dragons
  3 draconian monks
  2 thorn hunters
  15 storm dragons
  Donald (Vaults:3)
  12 tengu reavers
  2 revenants
  Roxanne (Spider:2)
  18 frost giants
  12 azure jellies
  4 draconian knights
  An orc warlord (Orc:2)
  7 deep elf sorcerers
  3 iron dragons
  9 fire giants
  7 ghost moths
  Aizul (Spider:3)
  14 vault wardens
  4 draconian scorchers
  4 draconian shifters
  5 emperor scorpions
  8 deep elf elementalists
  2 curse skulls
  8 ironheart preservers
  3 draconian stormcallers
  3 spriggan defenders
  4 green draconians
  4 entropy weavers
  14 draconian annihilators
  10 ghouls
  21 stone giants
  14 vampire knights
  10 very ugly things
  4 bennus
  Nessos (D:13)
  10 white draconians
  10 yellow draconians
  7 deep elf demonologists
  A dire elephant (Lair:6)
  11 black draconians
  6 red draconians
  Azrael (D:15)
  12 deep elf annihilators
  3 spark wasps
  11 purple draconians
  13 ettins
  24 mummy priests
  6 eidola
  8 death oozes
  Snorg (Lair:4)
  7 deep elf death magi
  15 jiangshi
  5 rakshasas
  2 quicksilver dragon zombies
  8 deep elf high priests
  Fannar (Lair:3)
  10 fire dragons
  20 yaktaur captains
  A peacekeeper (Desolation)
  A servant of whispers (Desolation)
  19 hydras
  A naga warrior (Abyss:2)
  17 great orbs of eyes
  11 ice dragons
  A quicksilver dragon skeleton (Tomb:3)
  10 vault guards
  2 ghost crabs
  8 spriggan air magi
  Erica (Lair:2)
  44 two-headed ogres
  11 alligators
  13 centaur warriors
  11 ogre magi
  5 death knights
  10 tengu warriors
  5 orc high priests
  50 death scarabs
  4 deep troll earth magi
  7 deep troll shamans
  3 hell hogs (Depths:1)
  14 dancing weapons
  10 death yaks
  15 vampire magi
  Urug (Lair:4)
  6 spriggan berserkers
  2 titan zombies
  17 deep elf knights
  3 storm dragon zombies
  Sonja (D:15)
  5 soul eaters
  2 sun demons
  42 skeletal warriors
  6 large abominations
  6 shadow wraiths
  13 deep trolls
  3 storm dragon skeletons
  A ghost moth zombie (Crypt:1)
  9 unseen horrors
  4 iron trolls
  A golden dragon zombie (Tomb:3)
  12 hell knights
  A spatial maelstrom (Abyss:2)
  2 sixfirhies
  A sea snake (shapeshifter) (Depths:2)
  5 flayed ghosts
  2 glowing orange brains
  2 anaconda zombies
  9 wizards
  2 shambling mangroves
  11 swamp dragons
  A golden dragon skeleton (Crypt:3)
  A spriggan druid (Swamp:3)
  3 harpies (Vaults:4)
  2 anaconda skeletons (Crypt:2)
  A lindwurm (shapeshifter) (Vaults:3)
  A wolf spider zombie (D:8)
  A harpy (shapeshifter) (Vaults:1)
  8 phantasmal warriors
  The ghost of Nausicaa the Grappler, a novice VSMo of Cheibriados (D:11)
  65 deep elf magi
  25 orc knights
  Pikel (D:6)
  An oklob plant (Lair:6)
  22 deep elf archers
  20 orb spiders
  16 ironbrand convokers
  9 necromancers
  A frost giant zombie (Tomb:3)
  8 human zombies
  14 cyclopes
  8 orc sorcerers
  3 fire giant zombies (Crypt:2)
  33 wolf spiders
  A salamander (shapeshifter) (Depths:2)
  2 shining eyes
  3 tengu skeletons
  43 ugly things
  A worldbinder (Abyss:2)
  26 moths of wrath
  A shadow dragon skeleton (Vaults:3)
  An iron dragon skeleton (Crypt:1)
  A manticore (D:11)
  An iron dragon zombie (Crypt:1)
  A fire giant skeleton (Depths:2)
  10 elephants (Lair:6)
  A frost giant skeleton (Vaults:3)
  Joseph (D:8)
  A stone giant skeleton (Vaults:3)
  5 black mambas
  5 human skeletons
  A guardian serpent (Vaults:1)
  An eye of devastation (shapeshifter) (Depths:2)
  14 vault sentinels
  A rust devil (Zot:3)
  3 centaur zombies
  A naga mage (Abyss:2)
  2 torpor snails (Spider:4)
  2 orange demons
  2 smoke demons (Abyss:2)
  A spriggan zombie (Depths:2)
  An ice statue (IceCv)
  22 spiny frogs
  69 yaktaurs
  5 kobold demonologists
  4 komodo dragons
  7 freezing wraiths
  A dire elephant skeleton (Crypt:3)
  2 ice devils (Lair:6)
  9 rime drakes
  A hellwing (Lair:6)
  A harpy zombie (Crypt:1)
  8 demonic crawlers
  A jumping spider (shapeshifter) (Elf:1)
  A hydra zombie (Tomb:1)
  5 tengu conjurers
  4 ancient zymes
  2 yaktaur skeletons
  50 guardian mummies
  A wind drake (shapeshifter) (Vaults:2)
  7 red devils
  13 trolls
  2 tyrant leeches
  32 jumping spiders
  20 polar bears
  Prince Ribbit (D:7)
  A hydra skeleton (Tomb:2)
  5 bog bodies
  A hornet (shapeshifter) (Abyss:2)
  20 hornets
  32 blink frogs
  7 saltlings
  An iron dragon simulacrum (Crypt:3)
  A slime creature (shapeshifter) (Depths:5)
  68 slime creatures
  Grinder (D:6)
  A harpy skeleton (Crypt:1)
  6 hippogriffs
  Sigmund (D:3)
  A fire giant simulacrum (Vaults:2)
  2 meliai zombies
  7 raiju (Abyss:2)
  18 flying skulls
  A dream sheep (Lair:6)
  3 shadows
  The ghost of Da5id the Changer, an amateur OpTm of Hepliaklqana (D:3)
  2 fire dragon zombies
  4 vampires (WizLab)
  A spriggan (shapeshifter) (Vaults:2)
  9 air elementals
  13 spriggans
  2 ynoxinuls (Abyss:2)
  2 ettin skeletons (Crypt:3)
  88 redbacks
  3 wyverns
  42 tarantellas
  14 wraiths
  A basilisk (Lair:3)
  11 water elementals
  60 yaks
  2 humans (shapeshifter)
  2 golden eyes (shapeshifter)
  3 neqoxecs
  A steam dragon (D:12)
  19 ushabtiu
  4 golden eyes (Slime:5)
  17 vampire mosquitoes
  8 fire elementals
  2 hungry ghosts
  A wind drake skeleton (Crypt:2)
  24 swamp worms
  8 wargs
  2 nagas (Abyss:2)
  2 acid dragons
  18 insubstantial wisps
  5 two-headed ogre zombies (WizLab)
  An acid dragon (shapeshifter) (Vaults:2)
  Duvessa (D:7)
  13 hell hounds
  8 water moccasins
  10 porcupines
  6 small abominations
  A soldier ant (shapeshifter) (Vaults:2)
  A floating eye (shapeshifter) (Vaults:3)
  A deep troll skeleton (Crypt:3)
  76 orc warriors
  12 swamp drakes
  6 floating eyes
  4 ice beasts
  7 sky beasts
  2 ettin simulacra
  6 eyes of draining
  An eye of draining (shapeshifter) (Vaults:2)
  2 phantoms
  4 black bears
  14 necrophages
  A slave (D:6)
  17 wolves (IceCv)
  An elephant skeleton (Crypt:3)
  41 ogres
  An ogre (shapeshifter) (Depths:5)
  8 boggarts
  20 centaurs
  A lindwurm skeleton (Crypt:3)
  10 crocodiles
  A hog skeleton (Crypt:3)
  8 big kobolds
  An octopode zombie (Crypt:1)
  22 bullfrogs
  A bullfrog (shapeshifter) (Depths:3)
  4 earth elementals
  A glowing shapeshifter simulacrum (Vaults:1)
  5 gnoll sergeants
  A wyvern zombie (Crypt:2)
  A torturous demonspawn simulacrum (Tomb:1)
  Dowan (D:7)
  A wyvern skeleton (D:12)
  6 scorpions
  A human simulacrum (Vaults:3)
  19 wights
  22 killer bees
  A snapping turtle simulacrum (Crypt:1)
  3 electric eels
  11 troll zombies
  2 howler monkeys
  A yak skeleton (Crypt:1)
  A polar bear skeleton (Crypt:2)
  6 crimson imps
  4 starcursed masses (Abyss:2)
  A quasit (Abyss:2)
  2 hounds
  2 iron imps (Abyss:2)
  4 jellies
  21 orc wizards
  Crazy Yiuf (D:2)
  36 orc priests
  6 centaur skeletons
  Jessica (D:2)
  5 iguanas
  5 hell rats (Lair:3)
  15 worker ants
  3 killer bee zombies
  3 ogre zombies (WizLab)
  A sky beast zombie (Crypt:2)
  A demigod skeleton (Crypt:1)
  A dwarf zombie (Crypt:1)
  A deep dwarf skeleton (Crypt:1)
  An ogre skeleton (Crypt:2)
  A dwarf skeleton (Crypt:1)
  A naga skeleton (Crypt:1)
  66 mummies
  A worker ant zombie (D:7)
  Robin (D:3)
  21 gnolls
  5 river rats
  A scorpion zombie (Crypt:3)
  14 adders
  6 shadow imps
  An ooze (D:3)
  An adder zombie (D:9)
  A halfling zombie (Crypt:2)
  An iguana zombie (Crypt:3)
  2 adder skeletons
  4 worms
  14 leopard geckos
  138 orcs
  7 bats
  9 giant cockroaches
  11 goblins
  12 hobgoblins
  14 jackals
  5 quokkas
  2 ball pythons (Sewer)
  A dart slug zombie (Crypt:3)
  13 frilled lizards
  5 hobgoblin zombies (Ossuary)
  A jackal zombie (Crypt:1)
  39 kobolds
  A kobold zombie (Ossuary)
  A leopard gecko skeleton (D:4)
  2 leopard gecko zombies
  An orc skeleton (Crypt:2)
  2 orc zombies (Ossuary)
  A quokka skeleton (D:7)
  A quokka zombie (D:6)
  13 rats
  3 crawling corpses
  3 fungi
  2 plants (Lair:4)
3228 creatures vanquished.

Vanquished Creatures (others)
  An Orb Guardian (Zot:5)
  A storm dragon (Zot:3)
  A revenant (Tomb:2)
  An ancient champion (Tomb:2)
  A fire giant (Vaults:3)
  A ghost moth (Spider:4)
  A draconian scorcher (Zot:4)
  An emperor scorpion (Spider:3)
  A ghoul (Crypt:3)
  A deep elf annihilator (Elf:3)
  A spark wasp (Depths:4)
  A red draconian (Zot:5)
  A yellow draconian (Zot:3)
  A deep elf death mage (Depths:4)
  An ettin (D:15)
  A jiangshi (Crypt:2)
  2 yaktaur captains
  A hydra (D:13)
  2 two-headed ogres
  9 death scarabs
  An ogre mage (Vaults:2)
  A spriggan berserker (Depths:4)
  A spriggan (Depths:5)
  2 skeletal warriors
  A deep elf knight (Vaults:3)
  A flayed ghost (Depths:5)
  A spriggan druid (Swamp:4)
  An ironbrand convoker (Vaults:4)
  A swamp dragon (Swamp:4)
  A deep elf archer (Elf:1)
  A wolf spider (Vaults:4)
  An orc knight (Vaults:4)
  2 anaconda skeletons
  A harpy (Vaults:4)
  A deep elf mage (D:15)
  An ugly thing (Vaults:2)
  3 yaktaurs
  A jumping spider (Spider:4)
  A red devil (D:1)
  3 hornets
  2 flying skulls (Tomb:2)
  An air elemental (Depths:4)
  3 redbacks
  A fire elemental (Elf:1)
  A yak (Lair:6)
  A swamp worm (Swamp:3)
  A floating eye (Depths:4)
  An orc warrior (Vaults:2)
  A centaur (Depths:2)
  A small abomination (Abyss:2)
  A wight (D:6)
  5 mummies
  A leopard gecko (D:6)
  3 orcs
  A frilled lizard (D:2)
  2 fungi (Swamp:2)
82 creatures vanquished.

Grand Total: 3310 creatures vanquished

Notes
Turn   | Place    | Note
-------+----------+-------------------------------------------
     0 | D:1      | grandjackal the Ghoul Monk began the quest for the Orb.
     0 | D:1      | Reached XP level 1. HP: 19/19 MP: 0/0
   108 | D:1      | Reached XP level 2. HP: 25/26 MP: 1/1
   389 | D:1      | Reached XP level 3. HP: 27/31 MP: 2/2
  1251 | D:2      | Noticed Jessica
  1256 | D:2      | Killed Jessica
  1256 | D:2      | Reached XP level 4. HP: 41/41 MP: 3/3
  1625 | D:2      | Found a runed door.
  1629 | D:2      | Noticed Crazy Yiuf
  1638 | D:2      | Killed Crazy Yiuf
  1638 | D:2      | Reached skill level 5 in Unarmed Combat
  1638 | D:2      | Reached XP level 5. HP: 36/47 MP: 4/4
  1747 | D:3      | Found a blossoming altar of Fedhas.
  1758 | D:3      | Found an iron altar of Okawaru.
  1837 | D:3      | Noticed Robin
  1865 | D:3      | Killed Robin
  1919 | D:3      | Reached skill level 5 in Fighting
  1982 | D:3      | Noticed Da5id's ghost (amateur OpTm)
  1985 | D:3      | Killed Da5id's ghost
  1985 | D:3      | Reached XP level 6. HP: 56/56 MP: 5/5
  2200 | D:3      | Noticed Sigmund
  2225 | D:3      | Killed Sigmund
  2225 | D:3      | Reached XP level 7. HP: 49/63 MP: 6/6
  2933 | D:4      | Found a sand-covered staircase.
  2943 | Ossuary  | Entered an ossuary
  3595 | D:4      | Found a glowing drain.
  3615 | Sewer    | Entered a sewer
  3687 | Sewer    | Reached XP level 8. HP: 58/71 MP: 7/7
  4624 | D:5      | Entered Level 5 of the Dungeon
  5311 | D:5      | Reached skill level 10 in Unarmed Combat
  5441 | D:6      | Found a staircase to the Ecumenical Temple.
  5451 | D:6      | Reached XP level 9. HP: 60/80 MP: 8/8
  5458 | Temple   | Entered the Ecumenical Temple
  5562 | Temple   | Became a worshipper of Ru the Awakened
  5567 | Temple   | Gained mutation: You cannot study or cast Air magic. [Ru sacrifice]
  5567 | Temple   | Gained mutation: You cannot study or cast Hexes magic. [Ru sacrifice]
  5567 | Temple   | Gained mutation: You cannot study or cast Summoning magic. [Ru sacrifice]
  5567 | Temple   | Reached * piety under Ru
  5641 | D:6      | Noticed Grinder
  5647 | D:6      | Killed Grinder
  5764 | D:6      | Noticed Pikel
  5781 | D:6      | Killed Pikel
  5987 | D:6      | Found a glowing silver altar of Zin.
  5989 | D:6      | Found a burning altar of Makhleb.
  6011 | D:6      | Noticed a green death
  6021 | D:6      | Noticed an angel
  6566 | D:7      | Noticed Prince Ribbit
  6588 | D:7      | Killed Prince Ribbit
  6588 | D:7      | Reached XP level 10. HP: 91/91 MP: 9/9
  6618 | D:7      | Noticed Duvessa
  6623 | D:7      | Noticed Dowan
  6626 | D:7      | Killed Duvessa
  6634 | D:7      | Killed Dowan
  6783 | D:7      | Found an ancient bone altar of Kikubaaqudgha.
  6858 | D:7      | Noticed a two-headed ogre
  6867 | D:7      | Killed a two-headed ogre
  7218 | D:7      | Reached skill level 10 in Fighting
  7297 | D:7      | Learned a level 3 spell: Regeneration
  7313 | D:7      | Learned a level 3 spell: Vampiric Draining
  7730 | D:8      | Gained mutation: You cannot be stealthy. [Ru sacrifice]
  7909 | D:8      | Found a hazy altar of Hepliaklqana.
  7987 | D:8      | Noticed a two-headed ogre
  8001 | D:8      | Killed a two-headed ogre
  8002 | D:8      | Noticed Joseph
  8020 | D:8      | Killed Joseph
  8020 | D:8      | Reached XP level 11. HP: 42/101 MP: 10/10
  8564 | D:9      | Found a staircase to the Lair.
  8592 | D:9      | Found Ladaat's Antique Armour Emporium.
  9009 | D:9      | Found a staircase to the Orcish Mines.
  9033 | D:9      | Reached skill level 15 in Unarmed Combat
  9090 | D:9      | Gained mutation: You cannot study or use magical devices. [Ru sacrifice]
  9090 | D:9      | Reached ** piety under Ru
  9090 | D:9      | Reached *** piety under Ru
  9090 | D:9      | Reached **** piety under Ru
  9090 | D:9      | Reached ***** piety under Ru
  9380 | D:10     | Entered Level 10 of the Dungeon
  9728 | D:10     | Found Citywne's Distillery.
  9740 | D:10     | Bought a potion of resistance for 170 gold pieces
  9740 | D:10     | Bought a potion of invisibility for 136 gold pieces
  9740 | D:10     | Bought a potion of resistance for 170 gold pieces
  9740 | D:10     | Bought a potion of haste for 170 gold pieces
 10170 | D:11     | Noticed a manticore
 10176 | D:11     | Killed a manticore
 10300 | D:11     | Found a roughly hewn altar of Beogh.
 10300 | D:11     | Noticed an orc knight
 10367 | D:11     | Noticed Nausicaa's ghost (novice VSMo)
 10376 | D:11     | Killed Nausicaa's ghost
 10376 | D:11     | Reached XP level 12. HP: 69/112 MP: 11/11
 10843 | D:11     | Learned a level 4 spell: Animate Dead
 11166 | D:12     | Noticed a two-headed ogre
 11170 | D:12     | Killed a two-headed ogre
 11464 | D:12     | Noticed a two-headed ogre
 11472 | D:12     | Killed a two-headed ogre
 12076 | D:13     | Noticed Nessos
 12202 | D:13     | Killed Nessos
 12215 | D:13     | Noticed a centaur warrior
 12223 | D:13     | Killed a centaur warrior
 12282 | D:13     | Noticed a centaur warrior
 12289 | D:13     | Killed a centaur warrior
 12289 | D:13     | Reached XP level 13. HP: 85/122 MP: 12/12
 12445 | D:13     | Noticed a vault guard
 12704 | D:13     | Killed a vault guard
 12749 | D:13     | Found a gate to the Vaults.
 12950 | D:13     | You fall through a shaft!
 13513 | D:14     | Cast into level 2 of the Abyss (a wizard)
 13866 | Abyss:2  | Noticed a starcursed mass
 13871 | Abyss:2  | Paralysed by accursed screaming for 1 turns
 13937 | Abyss:2  | Found a corrupted altar of Lugonu.
 14519 | Abyss:2  | Found a corrupted altar of Lugonu.
 14527 | Abyss:2  | Reached XP level 14. HP: 36/133 MP: 13/13
 14980 | Abyss:2  | Noticed a white very ugly thing
 14980 | Abyss:2  | Noticed a white very ugly thing
 15384 | Abyss:2  | Reached skill level 1 in Armour
 15387 | D:14     | Escaped the Abyss
 16071 | D:14     | Reached skill level 15 in Fighting
 16315 | D:14     | Got a scintillating tin ring
 16492 | D:15     | Entered Level 15 of the Dungeon
 17078 | D:15     | Identified the ring "Vuremn" {+Fly AC+2 Int+2} (You found it on level 14 of the Dungeon)
 17255 | D:15     | Noticed Sonja
 17259 | D:15     | Killed Sonja
 17259 | D:15     | Reached skill level 5 in Dodging
 17573 | D:15     | Noticed Azrael
 17932 | D:15     | Found a staircase to the Depths.
 17942 | D:15     | Found a radiant altar of Vehumet.
 17956 | D:15     | Killed Azrael
 18058 | D:15     | Reached skill level 5 in Armour
 18383 | Lair:1   | Entered Level 1 of the Lair of Beasts
 18437 | Lair:1   | Found a frozen archway.
 18456 | IceCv    | Entered an ice cave
 18465 | IceCv    | Reached XP level 15. HP: 139/143 MP: 14/14
 18886 | IceCv    | Noticed a frost giant
 18916 | IceCv    | Killed a frost giant
 20229 | Lair:2   | Noticed Erica
 20235 | Lair:2   | Killed Erica
 20466 | Lair:2   | Found a staircase to the Swamp.
 21003 | Lair:3   | Learned a level 4 spell: Control Undead
 21036 | Lair:3   | Noticed Fannar
 21058 | Lair:3   | Killed Fannar
 21343 | Lair:3   | Noticed Gastronok
 21357 | Lair:3   | Killed Gastronok
 21691 | Lair:4   | Noticed Urug
 21692 | Lair:4   | Noticed Snorg
 21698 | Lair:4   | Killed Urug
 21702 | Lair:4   | Killed Snorg
 21859 | Lair:4   | Found a hole to the Spider Nest.
 23163 | Lair:5   | Reached XP level 16. HP: 148/154 MP: 15/15
 23577 | Lair:6   | Entered Level 6 of the Lair of Beasts
 23682 | Lair:6   | Found a staircase to the Slime Pits.
 23952 | Lair:6   | Found a burning altar of Makhleb.
 23993 | Lair:6   | Found a gateway to Hell.
 24874 | Lair:4   | Reached skill level 10 in Dodging
 25029 | Orc:1    | Entered Level 1 of the Orcish Mines
 25383 | Orc:1    | Found a deep blue altar of Sif Muna.
 25563 | Orc:2    | Entered Level 2 of the Orcish Mines
 25649 | Orc:2    | Found a roughly hewn altar of Beogh.
 25747 | Orc:2    | Found Zyekluo's Jewellery Emporium.
 25772 | Orc:2    | Bought the ring of the Vanishing Queens {rElec rF+ rC+ MR+} for 848 gold pieces
 25782 | Orc:2    | Found Dis Yxzu's Magic Scroll Shoppe.
 25800 | Orc:2    | Bought a scroll of teleportation for 51 gold pieces
 25800 | Orc:2    | Bought a scroll of fear for 59 gold pieces
 25800 | Orc:2    | Bought 2 scrolls of teleportation for 102 gold pieces
 26009 | Orc:2    | Identified a scroll of acquirement
 26010 | Orc:2    | Got a distressingly furry buckler
 26070 | Orc:2    | Reached skill level 10 in Armour
 26346 | Orc:2    | Found a staircase to the Elven Halls.
 26845 | Orc:2    | Reached XP level 17. HP: 47/163 MP: 16/16
 27015 | Orc:2    | Found a roughly hewn altar of Beogh.
 27093 | Orc:2    | Found Diumm's Antique Weapon Boutique.
 27164 | Orc:2    | Found Sadu's Magic Scroll Shop.
 27213 | Orc:2    | Bought a scroll of blinking for 127 gold pieces
 27213 | Orc:2    | Bought a scroll of teleportation for 51 gold pieces
 27213 | Orc:2    | Bought 2 scrolls of fog for 68 gold pieces
 27466 | Swamp:1  | Entered Level 1 of the Swamp
 27521 | Swamp:1  | Got a pitted scale mail
 27532 | Swamp:1  | Identified the cursed +1 scale mail "Ynes" {-Cast -Tele +Inv Stlth+} (You found it on level 1 of the Swamp)
 27904 | Swamp:1  | Gained mutation: Your magical capacity is low. (-10% MP) [Ru sacrifice]
 29312 | Swamp:3  | Noticed Nikola
 29335 | Swamp:3  | Killed Nikola
 29792 | Swamp:3  | Gained mutation: You are hated by all. [Ru sacrifice]
 29832 | Swamp:4  | Entered Level 4 of the Swamp
 30176 | Swamp:4  | Noticed the 27-headed Lernaean hydra
 30182 | Swamp:4  | Reached XP level 18. HP: 111/176 MP: 7/15
 30430 | Swamp:4  | Killed the 27-headed Lernaean hydra
 30704 | Swamp:4  | Got a decaying rune of Zot
 31121 | Spider:1 | Entered Level 1 of the Spider Nest
 31963 | Spider:2 | Noticed Roxanne
 31980 | Spider:2 | Killed Roxanne
 32246 | Spider:2 | Noticed VonBacon's ghost (adept MiFi)
 32255 | Spider:2 | Killed VonBacon's ghost
 32924 | Spider:2 | Noticed Arachne
 32961 | Spider:2 | Killed Arachne
 34033 | Spider:4 | Entered Level 4 of the Spider Nest
 34123 | Spider:4 | Noticed Aizul
 34161 | Spider:3 | Reached XP level 19. HP: 103/185 MP: 16/16
 34279 | Spider:3 | Killed Aizul
 36037 | Spider:4 | Got a gossamer rune of Zot
 36572 | Vaults:1 | Entered Level 1 of the Vaults
 37344 | Vaults:1 | Found a ruined gateway.
 37354 | Desolati | Entered the Desolation of Salt
 37371 | Desolati | Reached XP level 20. HP: 143/195 MP: 17/17
 37374 | Desolati | Noticed oldriver's ghost (adept GrFi)
 37423 | Vaults:1 | Gained mutation: Your magical capacity is very low. (-20% MP) [Ru sacrifice]
 38191 | Vaults:1 | Got a faintly humming chain mail
 38202 | Vaults:1 | Identified the cursed +0 chain mail of Wuxkamo {-Cast Regen+ rCorr} (You found it on level 1 of the Vaults)
 38641 | Vaults:2 | Reached skill level 15 in Dodging
 38685 | Vaults:2 | Found Mytoez's Antique Armour Shop.
 38724 | Vaults:2 | Noticed Sojobo
 38747 | Vaults:2 | Killed Sojobo
 39038 | Vaults:2 | Reached skill level 15 in Armour
 40094 | Vaults:3 | Reached XP level 21. HP: 194/206 MP: 15/15
 40542 | Vaults:3 | Noticed Donald
 40564 | Vaults:3 | Killed Donald
 41086 | Vaults:3 | Found a staircase to the Crypt.
 42029 | Vaults:4 | Found Caicloyb's Antique Armour Shoppe.
 42053 | Vaults:4 | Reached XP level 22. HP: 216/217 MP: 16/16
 42110 | Vaults:4 | Found Hihotwec's Assorted Antiques.
 42119 | Vaults:4 | Bought a pair of runed boots for 388 gold pieces
 42289 | Vaults:4 | Bought a faintly humming plate armour for 1036 gold pieces
 42289 | Vaults:4 | Identified the +7 plate armour of Vedufode {rC- Int+7 Slay+2} (You bought it in a shop on level 4 of the Vaults)
 42822 | Vaults:4 | Gained mutation: You are clumsy. (Dex -2) [Ru sacrifice]
 42822 | Vaults:4 | Reached ****** piety under Ru
 43541 | Elf:1    | Entered Level 1 of the Elven Halls
 43553 | Elf:1    | Found a magical portal.
 43589 | WizLab   | Entered Zonguldrok's Shrine
 44050 | WizLab   | Noticed an antique lich
 44074 | WizLab   | Killed an antique lich
 44208 | Elf:1    | Found Vafaegan's Distillery.
 44211 | Elf:1    | Bought a potion of heal wounds for 70 gold pieces
 44211 | Elf:1    | Bought a potion of heal wounds for 70 gold pieces
 45162 | Elf:1    | You are sucked into a shaft!
 45179 | Elf:2    | Found a runed gate.
 45179 | Elf:2    | Found a runed gate.
 45179 | Elf:2    | Found a runed gate.
 45748 | Elf:3    | Entered Level 3 of the Elven Halls
 46167 | Elf:3    | Reached XP level 23. HP: 215/227 MP: 17/17
 46333 | Elf:3    | Found Yfajeot's Distillery.
 46351 | Elf:3    | Bought a potion of heal wounds for 65 gold pieces
 46351 | Elf:3    | Bought a potion of resistance for 130 gold pieces
 46946 | Elf:3    | Got a translucent pewter ring
 47166 | Elf:3    | Got a steaming ivory ring
 47197 | Elf:3    | Got a crude platinum amulet
 47267 | Elf:3    | Identified the +6 plate armour of Tempters {SInv} (You found it on level 3 of the Elven Halls)
 47296 | Elf:3    | Identified the Tome of Unholy Arts
 47316 | Elf:3    | Identified Sif Muna's Reference Book on Gliding Poisoning
 47337 | Elf:3    | Identified the +4 scale mail of Imibb {Regen+ Str+3 Dex+4} (You found it on level 3 of the Elven Halls)
 47710 | Lair:1   | Identified the amulet of the Traitor {*Drain rPois Regen+ Slay+6 Stlth+} (You took it off a deep elf sorcerer on level 3 of the Elven Halls)
 47714 | Lair:1   | Identified the cursed ring of Dischun {rElec EV-3} (You took it off a deep elf annihilator on level 3 of the Elven Halls)
 47716 | Lair:1   | Identified the ring of Uwuhy {Str+5 Dex+2} (You took it off a deep elf blademaster on level 3 of the Elven Halls)
 47877 | Depths:1 | Entered Level 1 of the Depths
 48204 | Depths:1 | Found a gateway to a ziggurat.
 48246 | Depths:1 | Found a one-way gate to the infinite horrors of the Abyss.
 49410 | Depths:2 | Reached XP level 24. HP: 214/238 MP: 17/17
 49879 | Depths:2 | Noticed a caustic shrike
 49896 | Depths:2 | Killed a caustic shrike
 50171 | Depths:3 | Found a one-way gate leading to the halls of Pandemonium.
 50569 | Depths:3 | Paralysed by a floating eye for 2 turns
 50571 | Depths:3 | Noticed a juggernaut
 50604 | Depths:3 | Killed a juggernaut
 50668 | Depths:3 | Identified the Reference Book on Confrontation
 50761 | Depths:3 | Found Erchasem's Gadget Boutique.
 50762 | Depths:3 | Found Axodunt's Jewellery Emporium.
 50762 | Depths:3 | Found Paff's Jewellery Emporium.
 50828 | Depths:3 | Found a glowing golden altar of the Shining One.
 50861 | Depths:3 | Noticed Mara
 50881 | Depths:3 | Noticed grandjackal's illusion
 50895 | Depths:3 | Killed Mara
 51376 | Depths:4 | Paralysed by a floating eye for 3 turns
 51402 | Depths:4 | Reached XP level 25. HP: 204/249 MP: 17/17
 51425 | Depths:4 | Noticed a juggernaut
 51461 | Depths:4 | Found a shattered altar of Ashenzari.
 51823 | Depths:3 | Killed a juggernaut
 52117 | Depths:4 | Noticed a juggernaut
 52161 | Depths:3 | Killed a juggernaut
 52446 | Depths:4 | Paralysed by a floating eye for 2 turns
 52469 | Depths:4 | Noticed Frederick
 52488 | Depths:4 | Killed Frederick
 53028 | Depths:5 | Entered Level 5 of the Depths
 53180 | Depths:5 | Noticed Saint Roka
 53192 | Depths:5 | Killed Saint Roka
 53263 | Depths:5 | Got a crude copper ring
 53291 | Depths:5 | Reached XP level 26. HP: 185/260 MP: 17/17
 53424 | Depths:5 | Found a gate to the Realm of Zot.
 53470 | Depths:5 | Got a warped bone ring
 53691 | Depths:5 | Got a crude tin ring
 53692 | Depths:5 | Identified the ring "Juxkobao" {rElec MR- Str+5 Stlth-} (You found it on level 5 of the Depths)
 53693 | Depths:5 | Identified the ring "Ugeecim" {rCorr *Corrode rElec Dex+6 Stlth+} (You found it on level 5 of the Depths)
 53694 | Depths:5 | Identified the ring of Duivabus {*Contam rPois rF- rN+++ EV+5 Str+2} (You took it off a vampire knight on level 5 of the Depths)
 53718 | Depths:5 | Noticed a juggernaut
 53738 | Depths:5 | Killed a juggernaut
 53754 | Depths:5 | Found a radiant altar of Vehumet.
 53813 | Depths:5 | Paralysed by a floating eye for 2 turns
 53980 | Depths:5 | Found a deep blue altar of Sif Muna.
 54484 | Crypt:1  | Entered Level 1 of the Crypt
 54602 | Crypt:1  | Noticed Boris
 54615 | Crypt:1  | Killed Boris
 55062 | Crypt:1  | Found a basalt altar of Yredelemnul.
 55157 | Crypt:1  | Noticed Xtahua
 55167 | Crypt:1  | Killed Xtahua
 55663 | Crypt:2  | Reached XP level 27. HP: 219/270 MP: 17/17
 56088 | Crypt:2  | Identified the Tome of Dark Magic
 56505 | Crypt:2  | Reached skill level 27 in Fighting
 56563 | Crypt:2  | Noticed a greater mummy
 56564 | Crypt:2  | Noticed Khufu
 56579 | Crypt:2  | Killed Khufu
 56672 | Crypt:2  | Killed a greater mummy
 56807 | Crypt:3  | Entered Level 3 of the Crypt
 57397 | Crypt:3  | Noticed an ancient lich
 57397 | Crypt:3  | Noticed an ancient lich
 57423 | Crypt:3  | Killed an ancient lich
 57428 | Crypt:3  | Killed an ancient lich
 57528 | Crypt:3  | Got a brightly glowing platinum ring
 57528 | Crypt:3  | Got a vibrating ivory ring
 57528 | Crypt:3  | Got a slimy iron ring
 57529 | Crypt:3  | Identified the ring "Aboahicets" {rElec rF- rN+ Dex+3 Slay+6} (You found it on level 3 of the Crypt)
 57530 | Crypt:3  | Identified the ring of Grontol {rElec rN+ Str+3 Dex+4} (You found it on level 3 of the Crypt)
 57531 | Crypt:3  | Identified the ring of Ivuly Jasch {-Tele rF+ rN+ Dex+6} (You found it on level 3 of the Crypt)
 57846 | Crypt:3  | Found a staircase to the Tomb.
 58281 | Tomb:1   | Entered Level 1 of the Tomb of the Ancients
 58587 | Tomb:1   | Noticed a greater mummy
 58588 | Tomb:1   | Noticed a greater mummy
 58601 | Tomb:1   | Killed a greater mummy
 58610 | Tomb:1   | Killed a greater mummy
 58652 | Tomb:1   | HP: 5/273 [bennu (20)]
 58703 | Tomb:1   | HP: 7/273 [bennu (20)]
 59496 | Tomb:2   | Noticed an ancient lich
 59500 | Tomb:2   | Noticed a greater mummy
 59500 | Tomb:2   | Noticed a greater mummy
 59501 | Tomb:2   | Noticed a greater mummy
 59513 | Tomb:2   | Killed an ancient lich
 59586 | Tomb:2   | HP: 10/273 [death scarab (13)]
 59843 | Tomb:1   | Killed a greater mummy
 59959 | Tomb:1   | Killed a greater mummy
 60092 | Tomb:2   | Killed a greater mummy
 60191 | Tomb:1   | Noticed a greater mummy
 60203 | Tomb:1   | Killed a greater mummy
 60208 | Tomb:1   | Noticed a greater mummy
 60217 | Tomb:1   | Killed a greater mummy
 60274 | Tomb:1   | Noticed a greater mummy
 60291 | Tomb:1   | Killed a greater mummy
 60299 | Tomb:1   | Noticed a greater mummy
 60309 | Tomb:1   | Killed a greater mummy
 60353 | Tomb:1   | Noticed a greater mummy
 60373 | Tomb:1   | Killed a greater mummy
 60438 | Tomb:1   | Noticed a greater mummy
 60442 | Tomb:1   | Noticed a greater mummy
 60548 | Tomb:1   | Killed a greater mummy
 60564 | Tomb:1   | Killed a greater mummy
 60689 | Tomb:1   | Noticed a greater mummy
 60700 | Tomb:1   | Killed a greater mummy
 60719 | Tomb:1   | Noticed a greater mummy
 60733 | Tomb:1   | Killed a greater mummy
 60761 | Tomb:1   | Noticed a greater mummy
 60767 | Tomb:1   | Noticed a greater mummy
 60776 | Tomb:1   | Killed a greater mummy
 60798 | Tomb:1   | Killed a greater mummy
 60924 | Tomb:1   | Noticed a greater mummy
 60926 | Tomb:1   | Noticed a greater mummy
 60927 | Tomb:1   | Noticed a greater mummy
 60933 | Tomb:1   | Noticed a greater mummy
 61243 | Tomb:1   | Killed a greater mummy
 61320 | Tomb:1   | Killed a greater mummy
 61344 | Tomb:1   | Killed a greater mummy
 61370 | Tomb:1   | Killed a greater mummy
 61389 | Tomb:1   | Noticed a greater mummy
 61414 | Tomb:1   | Killed a greater mummy
 61819 | Tomb:3   | Entered Level 3 of the Tomb of the Ancients
 61863 | Tomb:3   | Noticed a greater mummy
 62009 | Tomb:3   | Noticed a greater mummy
 62018 | Tomb:3   | Killed a greater mummy
 62023 | Tomb:2   | Killed a greater mummy
 62428 | Tomb:3   | Noticed a greater mummy
 62514 | Tomb:3   | Noticed a greater mummy
 62587 | Tomb:3   | Killed a greater mummy
 62588 | Tomb:3   | Noticed a greater mummy
 62703 | Tomb:3   | Killed a greater mummy
 62706 | Tomb:3   | Noticed a greater mummy
 62712 | Tomb:3   | Killed a greater mummy
 62919 | Tomb:2   | Killed a greater mummy
 63045 | Tomb:3   | Noticed a greater mummy
 63051 | Tomb:3   | Killed a greater mummy
 63055 | Tomb:3   | Noticed an ancient lich
 63060 | Tomb:3   | Noticed a greater mummy
 63065 | Tomb:3   | Killed an ancient lich
 63075 | Tomb:3   | Killed a greater mummy
 63128 | Tomb:3   | Got a golden rune of Zot
 63213 | Tomb:3   | Identified a +2 pair of boots of running (You found it on level 3 of the Tomb of the Ancients)
 63216 | Tomb:3   | Identified the Grimoire of Quantum Malediction
 63220 | Tomb:3   | Identified Juoriuch's Disquisition on Sinister Rituals and Feathers
 63225 | Tomb:3   | Got a coiled bronze ring
 63227 | Tomb:3   | Identified the ring of Jumaco Nur {rElec EV+2 Str+3} (You found it on level 3 of the Tomb of the Ancients)
 63288 | Tomb:3   | Identified the +5 scale mail of Agoraphobia {MR+} (You found it on level 3 of the Tomb of the Ancients)
 64488 | Slime:1  | Entered Level 1 of the Pits of Slime
 64896 | Slime:5  | Entered Level 5 of the Pits of Slime
 65343 | Slime:5  | Paralysed by a floating eye for 2 turns
 65365 | Slime:5  | Noticed the Royal Jelly
 65410 | Slime:5  | Killed the Royal Jelly
 65808 | Slime:5  | Identified Dokoddur's Disquisition on Damaging Fire
 65816 | Slime:5  | Got a scorched hat
 65827 | Slime:5  | Identified the +2 hat of Weightlessness {*Corrode +Inv rF+ MR++} (You found it on level 5 of the Pits of Slime)
 65861 | Slime:5  | Got a slimy rune of Zot
 65887 | Slime:5  | Got a heavily runed bone ring
 65888 | Slime:5  | Identified the cursed ring "Nawko" {*Drain rC+ Str+4 Int-5 Dex+3} (You found it on level 5 of the Pits of Slime)
 65930 | Slime:5  | Got faintly humming gold dragon scales
 65931 | Slime:5  | Identified the +4 gold dragon scales of Lemisti {rPois rF+ rC+ rCorr Dex+2} (You found it on level 5 of the Pits of Slime)
 66373 | Zot:1    | Entered Level 1 of the Realm of Zot
 66559 | Zot:1    | Noticed an orb of fire
 66570 | Zot:1    | Killed an orb of fire
 67117 | Zot:2    | Identified the Catalogue of Enthralling Flight
 69697 | Zot:5    | Entered Level 5 of the Realm of Zot
 70079 | Zot:5    | Reached skill level 27 in Dodging
 70139 | Zot:5    | Noticed an ancient lich
 70150 | Zot:5    | Killed an ancient lich
 70180 | Zot:5    | Noticed an ancient lich
 70189 | Zot:5    | Killed an ancient lich
 70258 | Zot:5    | Noticed an ancient lich
 70259 | Zot:5    | Noticed an ancient lich
 70260 | Zot:5    | Noticed an orb of fire
 70263 | Zot:5    | Noticed an orb of fire
 70298 | Zot:5    | Killed an orb of fire
 70305 | Zot:5    | Killed an ancient lich
 70319 | Zot:5    | Killed an orb of fire
 70331 | Zot:5    | Killed an ancient lich
 70331 | Zot:5    | Reached skill level 27 in Armour
 70391 | Zot:5    | Noticed an orb of fire
 70394 | Zot:5    | Noticed an orb of fire
 70399 | Zot:5    | Noticed an ancient lich
 70406 | Zot:5    | Killed an orb of fire
 70411 | Zot:5    | Killed an orb of fire
 70424 | Zot:5    | Killed an ancient lich
 70828 | Zot:5    | Noticed an ancient lich
 70840 | Zot:5    | Killed an ancient lich
 71067 | Zot:5    | Noticed an orb of fire
 71080 | Zot:5    | Killed an orb of fire
 71170 | Zot:5    | Noticed an orb of fire
 71193 | Zot:5    | Killed an orb of fire
 71294 | Zot:5    | Noticed an orb of fire
 71304 | Zot:5    | Killed an orb of fire
 71415 | Zot:5    | Got the Orb of Zot
 71460 | Zot:5    | Noticed an ancient lich
 71476 | Zot:5    | Killed an ancient lich
 71883 | Depths:1 | Noticed Deomuuxu the pandemonium lord
 71920 | D:14     | Noticed Yheir the pandemonium lord
 72202 | D:3      | Noticed Qarr the pandemonium lord
 72358 | D:1      | Noticed Ivveimah the pandemonium lord
 72364 | D:$      | Escaped with the Orb!

Vault maps used:
D:1:      kennysheep_arrival_seaside
D:2:      uniq_crazy_yiuf_cottage, uniq_jessica
D:3:      amethyst_overflow_temple_binary, serial_bayou_lagoon_a, uniq_robin,
          uniq_sigmund
D:4:      minmay_wonky_spiral, gup_ossuary_entry_pyramid, gup_sewer_entry_pipe
D:5:      first_bread
D:6:      grunt_temple_overflow_order_and_chaos_2, uniq_pikel, uniq_grinder
D:7:      kiku_gazebo_garden_becter, the_bakery, minivault_26, minivault_26,
          grunt_ministairs_11, uniq_prince_ribbit1, uniq_duvessa
D:8:      kennysheep_mini_moat, uniq_joseph
D:9:      grunt_lair_entry_orc_guard_hut,
          kennysheep_orc_monster_closet_entryway, serial_shops, shop,
          kennysheep_windowed_goal
D:10:     serial_shops, shop, minmay_misc_feat_alley
D:11:     special_room
D:12:     lemuel_flamethrower_1
D:13:     david_vaults_5, uniq_nessos
D:14:     minmay_tree_intersection, einodemon_armed_red_devil_minivault
D:15:     hangedman_depths_entry_civil_slaughter, hangedman_decor_lopped,
          basic_altar, uniq_sonja, uniq_azrael
Temple:   regret_index_temple_waves
Lair:1:   portal_ice_cave_entry_pillars_1, columned_hall_lemuel
Lair:2:   nicolae_swamp_entry_splash_gauntlet, lemuel_old_faithful,
          grunt_megastairs_5, uniq_erica
Lair:3:   kennysheep_abandoned_house, lemuel_fruit_fields, uniq_fannar,
          uniq_gastronok
Lair:4:   spider_nest_entry_funnel_web, uniq_snorg, uniq_urug
Lair:5:   roderic_carrion_pond
Lair:6:   evil_forest, minmay_slime_entry_pillars, grunt_megastairs_2
Swamp:1:  evilmike_swamp_ruin_house_1
Swamp:2:  nicolae_swamp_fairy_circle, infiniplex_staircase_pool_2
Swamp:3:  evilmike_swamp_ruin_house_3, cheibrodos_swamp_kobolds, uniq_nikola
Swamp:4:  swamp_old_school
Spider:1: hangedman_spider_tarantella_strand
Spider:2: spider_trap, guppyfry_spider_mini_2, uniq_roxanne, uniq_arachne
Spider:4: johnstein_spider_rune_arachne_lair, uniq_aizul
Slime:1:  cheibrodos_slime_lost_civilization_3
Orc:1:    led_sif_book
Orc:2:    pubby_orc_utopia, serial_shops
Elf:1:    serial_shops, nicolae_shop_behind_doors,
          infiniplex_enter_wizlab_glasses, minivault_28, fountainhead
Elf:3:    minmay_elf_hall_furrowed, serial_shops, shop
Vaults:1: v_alt_pattern_2, nicolae_vaults_windows_and_doors_thing,
          nicolae_vaults_little_squares_1, dpeg_vaults_monster_row, st_cross,
          nicolae_vaults_disjoint_gnomons, ontoclasm_vaults_loading_screen,
          v_alt_pattern_5, hangedman_vaults_corner,
          nicolae_vaults_circle_grid_b, ontoclasm_vaults_loading_screen,
          vaults_dpeg_hooks, portal_desolation_entry_salt
Vaults:2: nicolae_vaults_network_star, nicolae_vaults_network_square,
          nicolae_vaults_border_crossing, nicolae_vaults_twisting_passages,
          vaults_room_stairs_pillars, nicolae_vaults_display_case, v_misc_27,
          v_misc_32, vaults_mumra_chevron_long, vaults_room_hallway,
          serial_shops, nicolae_shop_temple_entry_statues_fountains, uniq_sojobo
Vaults:3: hangedman_vaults_stretched_pinwheel, nicolae_vaults_alarming,
          vaults_room_large_hall, minmay_crypt_entry_skeletal_spiral,
          st_octagons_2, v_rooms_2, nicolae_vaults_ring_of_whatevers,
          ontoclasm_vaults_shuriken, vaults_room_large_hall, v_misc_24,
          vaults_room_door_hall, v_misc_22, v_misc_31,
          nicolae_vaults_three_branches, uniq_donald
Vaults:4: hangedman_vaults_stretched_pinwheel, vaults_room_octagon,
          nicolae_vaults_quartermaster, hangedman_vaults_hat,
          ontoclasm_vaults_eye, v_misc_19, nicolae_vaults_shelves_hall,
          v_misc_27, v_misc_17, vaults_room_corners, serial_shops,
          nicolae_shop_window_shopping, shop
Crypt:1:  basic_altar, grunt_crypt_arrival_guarded_gate, grunt_megastairs_3,
          uniq_xtahua, uniq_boris
Crypt:2:  ragdoll_tomb_raider, special_room, grunt_ministairs_8
Crypt:3:  david_glass_crypt, nicolae_tomb_entry_unfolded_pyramid_diagonal
Tomb:3:   uniq_khufu
Depths:1: enter_ziggurat_f, abyss_entry, grunt_hell_horde,
          hangedman_decor_peaks_small, dk_noncrumbling_4, minmay_misc_feat_x,
          basic_loot_grate_trap, patterned_corridor, serial_bayou_shore_b
Depths:2: minmay_concentric_multi, hell_entry, abyss_entry
Depths:3: evilmike_pillar_path, tso_altar, pan_entry, hell_entry, serial_glass,
          glass_columns_a, glass_columns_b, minmay_shop_grove,
          infiniplex_staircase_spiral, uniq_mara
Depths:4: minmay_central_circle, abyss_entry, pan_entry,
          evilmike_ruin_ashenzari, pf_coc_iceberg, uniq_frederick
Depths:5: hangedman_spin_cycle, hell_entry
Zot:3:    stair_cage_open
Abyss:2:  hangedman_abyss_or_decor_passed
Sewer:    sewer_co_cracked_pipes
Ossuary:  ossuary_tomb_3
IceCv:    ice_cave_caverns_02
WizLab:   wizlab_zonguldrok

Skill      XL: |  1  2  3  4  5  6  7  8  9 10 11 12 13 14 15 16 17 18 19 20 21 22 23 24 25 26 27 |
---------------+----------------------------------------------------------------------------------+-----
Fighting       | 4 5 6 7 9 10 12 13 14 15 16 18 19 20 21 22 23 24 25 26 27 | 27.0
Unarmed Combat | 4 5 6 7 8 10 12 14 16 18 19 20 24 | 24.4
Stealth        | 0 |  0.0
Dodging        | 6 8 10 11 13 14 16 17 18 19 20 21 22 27 | 27.0
Armour         | 5 8 10 11 13 14 15 16 17 18 19 20 21 27 | 27.0

Action                   |  1- 3 |  4- 6 |  7- 9 | 10-12 | 13-15 | 16-18 | 19-21 | 22-24 | 25-27 || total
-------------------------+-------+-------+-------+-------+-------+-------+-------+-------+-------++-------
Melee: Unarmed           |   124 |   134 |   388 |   785 |  1133 |  2004 |  2041 |  1968 |  4094 || 12671
       Punch             |     2 |     3 |    13 |    60 |   108 |   188 |   163 |   210 |   559 ||  1306
Invok: Sacrifice Arcana  |       |       |     1 |       |       |       |       |       |       ||     1
       Sacrifice Stealth |       |       |       |     1 |       |       |       |       |       ||     1
       Sacrifice Artific |       |       |       |     1 |       |       |       |       |       ||     1
       Power Leap        |       |       |       |     1 |     4 |       |     3 |     1 |     2 ||    11
       Reject Sacrifices |       |       |       |     1 |     2 |     1 |     1 |       |       ||     5
       Apocalypse        |       |       |       |       |     5 |     4 |     5 |     4 |    12 ||    30
       Sacrifice Essence |       |       |       |       |       |     1 |     1 |       |       ||     2
       Sacrifice Love    |       |       |       |       |       |     1 |       |       |       ||     1
       Sacrifice Purity  |       |       |       |       |       |       |       |     1 |       ||     1
  Use: Scroll            |       |       |    12 |     7 |    25 |     8 |     4 |    22 |    50 ||   128
       Potion            |       |       |       |       |     3 |     2 |     3 |     1 |     9 ||    18
 Stab: Distracted        |       |       |       |     4 |     5 |    11 |     9 |     9 |    21 ||    59
       Invisible         |       |       |       |     2 |    15 |    25 |    19 |    16 |    44 ||   121
       Paralysed         |       |       |       |       |     8 |    11 |    14 |     9 |    29 ||    71
  Eat: Chunk             |    13 |     8 |    27 |   104 |   121 |   170 |   226 |   169 |   226 ||  1064
       Beef jerky        |       |       |       |       |       |       |       |       |     5 ||     5
       Meat ration       |       |       |       |       |       |       |       |       |     2 ||     2
Armor: Ring mail         |    23 |       |       |       |       |       |       |       |       ||    23
       Robe              |     1 |       |       |       |       |       |       |       |       ||     1
       Scale mail        |    14 |    54 |   178 |   321 |   217 |       |       |       |       ||   784
       Chain mail        |       |       |       |       |   139 |   690 |   374 |   658 |  1302 ||  3163
       Acid dragon scale |       |       |       |       |    46 |   254 |       |       |       ||   300
       Plate armour      |       |       |       |       |       |       |   628 |       |       ||   628
       Gold dragon scale |       |       |       |       |       |       |       |       |   541 ||   541
Dodge: Dodged            |    52 |    47 |   158 |   330 |   473 |  1468 |   928 |   953 |  2914 ||  7323
